Cogmind - Beta 14 @@@ ROGUE MODE // 2025.03.20 @ 12:23:34 Player: Conlarando Result: Destroyed by H-61 Shepherd with Heavy Assault Cannon Performance ------------- Evolutions (3) 1500 Regions Visited (4) 800 Robots Destroyed (137) 685 Value Destroyed (3257) 3257 Prototype IDs (11) 220 Alien Tech Used (0) 0 Bonus (100) 100 TOTAL SCORE: 6562 Bonus ------- High Alert Combat Kills 100 Cogmind --------- Core Integrity 0/700 Matter 290/300 Energy 100/100 System Corruption 3% Temperature Cool (0) Movement Core (50) Location -7/Factory Parts ------- > --- POWER (1) -------- (None) > --- PROPULSION (4) --- (None) > --- UTILITY (6) ------ Advanced Visual Processing Unit Improved Signal Interpreter Hacking Suite Hacking Suite System Shield > --- WEAPON (2) ------- Powered Hammer (fused) > --- INVENTORY (5) ---- Cooled Deuterium Engine Cooled Deuterium Engine Propulsion Shielding Peak State ------------ > --- POWER ------------ Light Nuclear Core > --- PROPULSION ------- Flight Unit VTOL Module Xenon Bombardment Thruster Improved Cesium-ion Thruster > --- UTILITY ---------- Structural Scanner Improved Signal Interpreter Hacking Suite Hacking Suite System Shield System Restoration Module > --- WEAPON ----------- Greatsword > --- INVENTORY -------- Light Angular Momentum Engine Advanced Visual Processing Unit Improved Sensor Array Propulsion Shielding Proton Missile Launcher [Rating: 41] Favorites ----------- Power Light Ion Engine Engine Light Ion Engine Power Core Light Nuclear Core Propulsion Light Treads Treads Light Treads Leg Aluminum Leg Wheel Compact Wheel Flight Unit Flight Unit Utility Cargo Storage Unit Device Improved Sensor Array Storage Cargo Storage Unit Processor Salvage Targeting Computer Hackware Hacking Suite Protection Weapon Shielding Weapon Assault Cannon Energy Gun Medium Laser Energy Cannon Heavy Particle Cannon Ballistic Gun Light Assault Rifle Ballistic Cannon Assault Cannon Launcher Missile Launcher Impact Weapon Powered Hammer Slashing Weapon Greatsword Build | -11 -10 -9 -8 -7 ------- Run | Yrd Mat Mat Mat Fac Slots Evolved 6 | . . 2 2 2 Power . | . . . . . Propulsion 2 | . . 1 1 . Utility 4 | . . 1 1 2 Weapon . | . . . . . Parts Attached 190 | 6 22 33 83 46 Power 19 | 1 3 2 9 4 Engine 17 | 1 3 2 9 2 Core 2 | . . . . 2 Reactor . | . . . . . Propulsion 65 | 2 8 8 35 12 Treads 27 | 2 2 8 15 . Leg 1 | . 1 . . . Wheel 18 | . 5 . 13 . Hover . | . . . . . Flight 19 | . . . 7 12 Utility 42 | 1 6 2 16 17 Device 12 | . 1 . 5 6 Storage 9 | 1 5 . 1 2 Processor 5 | . . 1 1 3 Hackware 6 | . . . . 6 Protection 10 | . . 1 9 . Artifact . | . . . . . Weapon 64 | 2 5 21 23 13 Energy Gun 8 | 2 3 . 2 1 Energy Cannon 3 | . . . 3 . Ballistic Gun 29 | . 2 12 14 1 Ballistic Cannon 10 | . . 8 2 . Launcher 4 | . . 1 1 2 Special Weapon . | . . . . . Impact Weapon 5 | . . . . 5 Slashing Weapon 5 | . . . 1 4 Piercing Weapon . | . . . . . Special Melee Weapon . | . . . . . Unidentified Prototypes 5 | . . 1 2 2 Parts Lost 56 | . 3 3 33 17 Power 6 | . 2 1 2 1 Propulsion 27 | . 1 2 15 9 Utility 13 | . . . 7 6 Weapon 10 | . . . 9 1 Highest Loss Streak 10 | . 1 3 10 5 To Critical Strikes . | . . . . . Average Slot Usage (%) 85 | . 89 87 82 78 Engine 9 | . 13 11 8 1 Treads 20 | . 15 32 18 . Wheel 6 | . 12 . 13 . Flight 2 | . . . 1 20 Device 2 | . 1 . 4 9 Storage 10 | . 16 11 9 1 Processor 4 | . . 6 4 11 Hackware 2 | . . . . 18 Protection 3 | . . 4 6 . Energy Gun 5 | . 21 . 1 . Ballistic Gun 8 | . 6 9 10 1 Ballistic Cannon 4 | . . 11 1 . Peak Build Rating 41 | 6 11 20 27 41 Average Rating 17 | 4 9 17 20 26 On Entrance 12 | . 6 11 18 27 Naked Turns . | . . . . . Heaviest Build 167 | 11 148 158 163 167 Greatest Support 80 | 40 40 60 80 80 Greatest Overweight (x) 14 | . 14 2 12 2 Average Overweight (x) 1 | . 3 2 2 . Largest Inventory Capacity 30 | 8 30 30 30 30 Average Capacity 26 | 6 26 30 30 6 Most Carried 30 | 2 30 30 30 29 Average Carried 24 | 1 22 28 29 5 Final Capacity 30 | 8 30 30 30 5 Final Carried 30 | 2 30 30 29 3 Class Distribution -------------------- 64% | Hauler-Mutant 19% | Scavenger-Mutant 5% | Mutant 5% | Hacker-Scout Dominant Class ---------------- Hauler-Mutant | -10/Materials Hauler-Mutant | -9/Materials Scavenger-Mutant | -8/Materials Hacker-Scout | -7/Factory Resources | -11 -10 -9 -8 -7 ----------- Run | Yrd Mat Mat Mat Fac Matter Collected 4134 | 176 741 1035 1554 628 Remotely . | . . . . . Salvage Created 4254 | . 686 916 2141 511 Parts 282 | . 44 84 132 22 Haulers Intercepted 8 | . 2 2 2 2 Recyclers Shooed 6 | . 1 2 3 . Parts Field Recycled . | . . . . . Retrieved Matter . | . . . . . Parts Self-Destructed . | . . . . . Prevented . | . . . . . Kills | -11 -10 -9 -8 -7 ------- Run | Yrd Mat Mat Mat Fac Combat Hostiles Destroyed 84 | . 15 30 34 5 Melee 5 | . . . . 5 Guns 38 | . 15 5 18 . Cannons 31 | . . 22 9 . AOE 10 | . . 3 7 . Classes Destroyed 13 | . 7 2 4 . Worker 10 | . 1 1 5 3 Builder 8 | . . . 8 . Tunneler 4 | . . . 2 2 Hauler 8 | . 2 2 2 2 Recycler 12 | . 2 1 7 2 Operator 6 | . 1 1 1 3 Watcher 5 | . 1 2 2 . Swarmer 28 | . 9 11 3 5 Grunt 41 | . 6 13 22 . Duelist 1 | . . 1 . . Sentry 11 | . . 5 6 . Specialist 2 | . . . 2 . Hunter 1 | . . . 1 . Best Kill Streak 12 | . 6 7 12 3 Combat Bots Only 7 | . 4 6 7 2 Max Kills in Single Turn 4 | . 1 4 4 1 Gunslinging . | . . . . . Exploded 3 | . . 3 2 . Melee 1 | . . . . 1 Uniques/NPCs Destroyed . | . . . . . Combat | -11 -10 -9 -8 -7 -------- Run | Yrd Mat Mat Mat Fac Hostile Shots Fired 677 | . 81 163 293 140 Missed 198 | . 17 52 69 60 Damage Taken 7148 | . 633 1230 3715 1570 Core 1539 | . 168 208 429 734 Absorbed by Shields . | . . . . . Redirected to Shielding 75 | . . 21 54 . Core Remaining (%) 50 | 100 32 48 22 . Volleys Fired 363 | . 64 118 163 18 Largest 2 | . 2 2 2 1 Hottest 150 | . 90 88 150 39 Shots Fired 687 | . 131 236 302 18 Gun 475 | . 131 100 227 17 Cannon 199 | . . 135 64 . Launcher 13 | . . 1 11 1 Special . | . . . . . Kinetic 512 | . 17 235 243 17 Thermal 160 | . 114 . 46 . Explosive 13 | . . 1 11 1 Electromagnetic 2 | . . . 2 . Robot Hit Streak 18 | . 16 11 18 3 Robot Miss Streak 6 | . 6 5 4 4 Penetration Max 1 | . . . 1 . Secondary Targets 7 | . 4 . 3 . Max Gunslinging Chain 1 | . 1 . 1 . Shots Hit Robots 444 | . 69 139 207 29 Core Hits 208 | . 37 48 110 13 Critical Kills 2 | . . . 1 1 Critical Parts Destroyed 2 | . . . 1 1 Critical Strikes 11 | . . 4 5 2 Destroy 2 | . . . 2 . Blast 7 | . . 4 3 . Smash 2 | . . . . 2 Melee Attacks 58 | . . . . 58 Impact 44 | . . . . 44 Slashing 14 | . . . . 14 Piercing . | . . . . . Sneak Attacks 9 | . . . . 9 Combat Hostiles . | . . . . . Follow-up Attacks . | . . . . . Damage Inflicted 10000 | . 826 2674 4963 1537 Guns 3759 | . 824 643 2185 107 Cannons 3009 | . . 1768 1241 . Explosions 1725 | . . 245 1480 . Melee 1428 | . . . . 1428 Ramming 79 | . 2 18 57 2 Kinetic 5208 | . 57 2411 2633 107 Thermal 1879 | . 767 . 1112 . Explosive 1368 | . . 245 1123 . Electromagnetic 38 | . . . 38 . Impact 1161 | . . . . 1161 Slashing 267 | . . . . 267 Piercing . | . . . . . Highest Corruption 6 | . 6 . 2 3 Average Corruption 3 | . 5 . 2 2 Corruption Purged 1 | . . . . 1 Corruption Blocked . | . . . . . Effects 96 | . 57 . 32 7 Message Errors 23 | . 13 . 8 2 Matter Fused 20 | . 12 . 7 1 Heat Flow Errors 10 | . 6 . 1 3 Energy Discharges 6 | . 4 . 2 . Parts Rejected 1 | . . . 1 . Parts Fused 3 | . 1 . 1 1 Data Loss (minor) 15 | . 10 . 5 . Data Loss (major) 4 | . 4 . . . Misfires 6 | . 5 . 1 . Alerts 4 | . 1 . 3 . Weapon Failures 4 | . 1 . 3 . Overload Shots . | . . . . . Overflow Damage 558 | . . 17 81 460 Projectiles 30 | . . 17 13 . Explosions 138 | . . . 68 70 Melee 390 | . . . . 390 Knockbacks 24 | . . 17 5 2 Impact 2 | . . . . 2 Kinetic 20 | . . 15 5 . Secondary 2 | . . 2 . . Self-Inflicted Damage 241 | . 1 36 54 150 Shots 5 | . . 1 2 2 Rammed 9 | . 1 1 6 1 Targets Rammed 10 | . 1 1 7 1 Kicked . | . . . . . Crushed 1 | . . . 1 . Highest Temperature 476 | . 476 282 213 256 Average Temperature 83 | . 122 67 53 88 Received Heat Transfer 2412 | . 147 408 1776 81 Effects 12 | . 10 . 2 . Shutdowns 3 | . 3 . . . Energy Bleed 2 | . 2 . . . Interference 5 | . 3 . 2 . Matter Decay 1 | . 1 . . . Damage (minor) 1 | . 1 . . . Siege Activations . | . . . . . Robots Corrupted 1 | . . . . 1 Combat Hostiles . | . . . . . Parts Fried 7 | . . . . 7 Impact Corruptions 15 | . . . 1 14 Robots Melted . | . . . . . Combat Hostiles . | . . . . . Parts Melted 4 | . 2 . 2 . Heat Transferred 3626 | . 2068 . 1558 . Parts Sabotaged . | . . . . . Parts Stolen . | . . . . . Parts Stripped . | . . . . . Power Chain Reactions . | . . . . . Alert | -11 -10 -9 -8 -7 ------- Run | Yrd Mat Mat Mat Fac Peak Influence 622 | . 180 499 622 438 Initial 282 | . . . 202 282 Average 171 | . 39 195 228 222 Maximum Alert Level 2 | . . 2 2 2 Low Security (%) 65 | 100 100 61 53 45 Level 1 22 | . . 19 33 50 Level 2 11 | . . 19 13 4 Level 3 . | . . . . . Level 4 . | . . . . . Level 5 . | . . . . . High Security . | . . . . . Max Security . | . . . . . Squads Dispatched 19 | . 1 5 9 4 Investigation 7 | . . 1 4 2 Extermination 1 | . . . . 1 Reinforcement 11 | . 1 4 5 1 Assault . | . . . . . Garrison . | . . . . . Intercept . | . . . . . Searches Triggered . | . . . . . Construction Impeded 2 | . . 1 1 . Haulers Reinforced . | . . . . . Active Scanning Responses . | . . . . . Cargo Convoy Interrupts 1 | . . . . 1 Stealth | -11 -10 -9 -8 -7 --------- Run | Yrd Mat Mat Mat Fac Distress Signals 12 | . 2 3 6 1 Communications Jammed . | . . . . . Distress Signals . | . . . . . Times Spotted 181 | . 25 46 63 47 Peak Tracking Total 12 | . 4 5 6 12 Tactical Retreats 25 | . 1 2 7 15 Traps | -11 -10 -9 -8 -7 ------- Run | Yrd Mat Mat Mat Fac Traps Triggered 11 | . 6 . 1 4 Indirectly . | . . . . . Trap Hack Attempts . | . . . . . Triggered . | . . . . . Disarmed . | . . . . . Reprogrammed . | . . . . . Reused . | . . . . . Traps Extracted . | . . . . . Installed . | . . . . . Triggered . | . . . . . Machines | -11 -10 -9 -8 -7 ---------- Run | Yrd Mat Mat Mat Fac Machines Disabled 7 | . . . 4 3 Max in Single Turn 2 | . . . 2 2 Garrison Access 1 | . . . . 1 Machines Repaired . | . . . . . Machines Dismantled . | . . . . . Machines Sabotaged . | . . . . . Overloaded Fab Kills . | . . . . . Hacking | -11 -10 -9 -8 -7 --------- Run | Yrd Mat Mat Mat Fac Machines Accessed 30 | . 3 3 5 19 Terminals 20 | . 3 2 3 12 Fabricators 2 | . . . . 2 Repair Stations 2 | . . . . 2 Recycling Units 2 | . . 1 1 . Scanalyzers 2 | . . . 1 1 Garrison Access 2 | . . . . 2 Total Hacks 89 | . 8 4 21 56 Successful 48 | . 3 1 10 34 Failed 41 | . 5 3 11 22 Catastrophic 19 | . 3 3 5 8 Database Lockouts . | . . . . . Manual 19 | . 3 . 5 11 Terminals 66 | . 8 3 13 42 Fabricators 6 | . . . . 6 Repair Stations 3 | . . . . 3 Recycling Units 7 | . . 1 6 . Scanalyzers 4 | . . . 2 2 Garrison Access 3 | . . . . 3 Terminal Hacks 32 | . 3 . 4 25 Record 4 | . . . 3 1 Part Schematic 1 | . . . . 1 Prototype ID Bank 3 | . 1 . . 2 Level Access Points 2 | . 1 . . 1 Emergency Access Points 2 | . . . 1 1 Alert Level 5 | . . . . 5 Unreport Threat 3 | . . . . 3 Security Status 1 | . . . . 1 Investigation Status 1 | . 1 . . . Recall Investigation 1 | . . . . 1 Recall Extermination 2 | . . . . 2 Registered Prototypes 1 | . . . . 1 Zone Layout 6 | . . . . 6 Fabricator Hacks 4 | . . . . 4 Load Schematic 2 | . . . . 2 Build 2 | . . . . 2 Repair Station Hacks 3 | . . . . 3 Scan Component 1 | . . . . 1 Repair 1 | . . . . 1 Refit 1 | . . . . 1 Recycling Unit Hacks 5 | . . 1 4 . Report Inventory 3 | . . 1 2 . Retrieve Matter 1 | . . . 1 . Retrieve Components 1 | . . . 1 . Scanalyzer 3 | . . . 2 1 Insert Component 2 | . . . 1 1 Analyze 1 | . . . 1 . Garrison Access Hacks 1 | . . . . 1 Seal Access 1 | . . . . 1 Unauthorized Hacks . | . . . . . Terminals . | . . . . . Fabricators . | . . . . . Repair Stations . | . . . . . Recycling Units . | . . . . . Scanalyzers . | . . . . . Garrison Access . | . . . . . Data Cores Recovered 2 | . 1 . . 1 Used 1 | . 1 . . . Hacking Detections 28 | . 3 3 5 17 Full Trace Events 5 | . . 1 2 2 Feedback Events . | . . . . . Feedback Blocked . | . . . . . Robot Schematics Acquired . | . . . . . Robots Built . | . . . . . Authchips . | . . . . . Time . | . . . . . Total Robot Build Rating . | . . . . . Part Schematics Acquired 2 | . . . 1 1 Parts Built 3 | . . . . 3 Authchips . | . . . . . Time 104 | . . . . 104 Total Part Build Rating 7 | . . . . 7 Parts Repaired 1 | . . . . 1 Time 26 | . . . . 26 Parts Recycled . | . . . . . Recycled Matter . | . . . . . Retrieved Matter 170 | . . . 170 . Retrieved Components 10 | . . . 10 . Parts Scanalyzed 2 | . . . 1 1 Part Schematics Acquired 1 | . . . 1 . Parts Damaged 1 | . . . . 1 Bothacking | -11 -10 -9 -8 -7 ------------ Run | Yrd Mat Mat Mat Fac Used RIF Installer . | . . . . . Robots Hacked . | . . . . . Non-combat . | . . . . . Combat . | . . . . . Robot Hacks Applied . | . . . . . Relay Couplers Released . | . . . . . Fabnet Peak Effective % . | . . . . . Robots Rewired . | . . . . . Allies Hacked . | . . . . . Hacks Repelled . | . . . . . Allies | -11 -10 -9 -8 -7 -------- Run | Yrd Mat Mat Mat Fac Total Allies . | . . . . . Largest Group . | . . . . . Highest-Rated Group . | . . . . . Highest-Rated Ally . | . . . . . Total Orders . | . . . . . Ally Attacks . | . . . . . Total Damage . | . . . . . Kills . | . . . . . Allies Corrupted . | . . . . . Allies Melted . | . . . . . Intel | -11 -10 -9 -8 -7 ------- Run | Yrd Mat Mat Mat Fac Robot Analysis Total . | . . . . . Derelict Logs Recovered . | . . . . . Drone Launches . | . . . . . Drone Recoveries . | . . . . . Exploration | -11 -10 -9 -8 -7 ------------- Run | Yrd Mat Mat Mat Fac Turns Passed 10222 | 78 2266 3802 2773 1303 Spaces Moved 4829 | 46 815 997 833 2138 Core 104 | 5 . . . 99 Treads 1783 | 41 332 997 403 10 Legs 2 | . 2 . . . Wheels 903 | . 481 . 422 . Hover . | . . . . . Flight 2037 | . . . 8 2029 Fastest Speed 26 | 50 90 320 120 26 Average Speed 161 | 148 236 320 216 38 Slowest Speed 1100 | 160 1100 320 992 327 Overloaded Moves . | . . . . . Propulsion Burnouts . | . . . . . Robots Hopped 1 | . . . . 1 Cave-ins Triggered . | . . . . . Exploration Rate (%) 46 | 4 69 58 52 50 Regions Visited 4 Branch Regions . Pre-discovered Areas . | . . . . . Known Exits Taken 2 | . 1 . 1 . Unknown Exits Taken 2 | 1 . 1 . . Scrap Searched . | . . . . . Spaces Dug 48 | . . . . 48 Terrain Destroyed 188 | . . 43 97 48 Melee 22 | . . . . 22 Projectile 54 | . . 33 21 . AOE 112 | . . 10 76 26 Terrain Rammed . | . . . . . Walls Destroyed . | . . . . . Machines Disabled . | . . . . . Actions | -11 -10 -9 -8 -7 --------- Run | Yrd Mat Mat Mat Fac Total 6492 | 54 1034 1394 1502 2508 Wait 766 | . 46 195 338 187 Move 4823 | 45 814 996 832 2136 Hop 1 | . . . . 1 Pick Up 139 | 3 71 21 27 17 Fast Attach 86 | 5 13 10 38 20 Attach 69 | 1 6 6 34 22 Detach 27 | . 2 1 18 6 Swap 35 | . 3 17 11 4 Drop 115 | . 14 29 34 38 Fire 363 | . 64 118 163 18 Melee 58 | . . . . 58 Ram 7 | . 1 . 5 1 Kick . | . . . . . Crush 3 | . . 1 2 . Escape Stasis . | . . . . . Rewire . | . . . . . Trap . | . . . . . Miscellaneous . | . . . . . Route ------- -11/Scrapyard -10/Materials (discovered 5 exits: *Mat x3 / [*Min x2]) -9/Materials (discovered 3 exits: *Mat / [*Min x2]) -8/Materials -7/Factory (discovered 5 exits: *Fac x4 / [*Low]) History --------- Turn | Location | Event 34 | -11/Scrapyard | Discovered new exit (range 15) 79 | -11/Scrapyard | Entered Materials 176 | -10/Materials | Discovered new exit (range 6) 326 | -10/Materials | Build established: Mutant 385 | -10/Materials | Discovered new exit (range 14) 546 | -10/Materials | Core integrity fell below 50% 607 | -10/Materials | Discovered new exit (range 14) 654 | -10/Materials | Identified exit to Materials 1056 | -10/Materials | Build established: Hauler-Mutant 2345 | -10/Materials | Entered another Materials area 2345 | -9/Materials | Evolved 2 slots: Propulsion x1, Utility x1 3685 | -9/Materials | Discovered new exit (range 16) 4108 | -9/Materials | Lost 3 parts (1p2n) 5157 | -9/Materials | Discovered new exit (range 16) 5269 | -9/Materials | Core integrity fell below 50% 5836 | -9/Materials | Discovered new exit (range 8) 6147 | -9/Materials | Entered another Materials area 6147 | -8/Materials | Evolved 2 slots: Propulsion x1, Utility x1 6489 | -8/Materials | Lost 3 parts (2n1u) 6733 | -8/Materials | Build established: Scavenger-Mutant 6793 | -8/Materials | Lost 5 parts (2n1u2w) 7038 | -8/Materials | Build established: Hauler-Mutant 7556 | -8/Materials | Build established: Scavenger-Mutant 7843 | -8/Materials | Core integrity fell below 50% 7881 | -8/Materials | Lost 3 parts (1n1u1w) 8013 | -8/Materials | Lost 5 parts (1p1n2u1w) 8566 | -8/Materials | Destroyed 7 combat bots 8628 | -8/Materials | Lost 10 parts (7n2u1w) 8793 | -8/Materials | Build established: Hauler-Mutant 8907 | -8/Materials | Discovered new exit (range 5) 8920 | -8/Materials | Identified exit to Factory 8920 | -8/Materials | Entered Factory 8920 | -7/Factory | Evolved 2 slots: Utility x2 9296 | -7/Factory | Lost 5 parts (3n2u) 9499 | -7/Factory | Identified exit to Factory 9631 | -7/Factory | Repaired Broken Imp. Sensor Array 9668 | -7/Factory | Fabricated Hacking Suite (x1) 9710 | -7/Factory | Discovered new exit (range 16) 9811 | -7/Factory | Lost 5 parts (1p3n1u) 9840 | -7/Factory | Fabricated VTOL Module? 10113 | -7/Factory | Core integrity fell below 50% 10168 | -7/Factory | Cargo convoy interrupted 10172 | -7/Factory | Core integrity fell below 20% 10223 | -7/Factory | Destroyed by H-61 Shepherd with Heavy Assault Cannon Last Messages --------------- 10180_ Hacking Suite destroyed. 10180_ Slug penetrates Wall. 10182_ System corrupted: Powered Hammer fused. 10194_ Connecting with Terminal... >>Alert(Purge) Purged threat record, alert level lowered. >>Alert(Check) Current Alert Level: Low Security >>Layout(Zone) Retrieving Zone 1Q layout... Downloaded map data. 10194_ Acquired Unknown Energy Gun. 10194_ Identified Hvy. Laser. 10196_ Dropped Hvy. Laser. 10210_ Connecting with Terminal... >>Alert(Check) Current Alert Level: Low Security >>Recall(Extermination) Establishing remote squad link... No tasked extermination squads found. Map ----- +----------------------------------------------------+ | ?????????????????????????????????????????????????? | | ?????????????????????????????????????????????????? | | ?????????????????????????????????????????????????? | | ?????????????????????????????????????????????????? | | ?????????????????????????????????????????????????? | | ?????????????????????????????????????????????????? | | ?????????????????????????????????????????????????? | | ?????????????????????????????????????????????????? | | ?????????????????????????????????????????????????? | | ?????????????????????????????????????????????????? | | ?????????????????????????????????????????????????? | | ?????????????????????????????????????????????????? | | ?????????????????????????????????????????????????? | | ?????????????????????????????????????????????????? | | ?????????????????????????????????????????????????? | | ?????????????????????????????????????????????????? | | ?????????????????????????????????????????????????? | | ??????????????????????????????????????"??????????? | | ????????????????????????????????????"""??????????? | | ?????????????????????????????????? ""??????????? | | ????????????????????????????????? "???????????? | | ???????????????????????????????? ????????????? | | ??????????????????????????????? """ "????????????? | | ???????????????#+???####+##### """ ""???????????? | | ???????????????# ???# """ """??????????? | | ???????????????# #??# @ "" ""??????????? | | ???????????????# #??# H % "" "" ????????? | | ???????????????# #??# #??????? | | ??????#+######## #??# #??????? | | ?????? # #??# ########??????? | | ??????? # #### #?????????????? | | ??# ??"""""" # #?????????????? | | ??# """""" # +?????????????? | | ??# """""" + #?????????????? | | ??# """""" # #?????????????? | | ??# + #?????????????? | | ??# """""" ## #####+#########?????????????? | | ??# """""" ## #???????????????????????????? | | ??# """""" ## #???????????????????????????? | | ??# ! """""" !## #???????????????????????????? | | ??# ## k #???????????????????????????? | | ??######+######## #???????????????????????????? | | #????# #????# #???????????????????????????? | | ######! ###### #???????????????????????????? | | T +??????????????????????????? | | ###### ###########???????????????????????????? | | #????# ] #?????????????????????????????????????? | | ?????#######?????????????????????????????????????? | | ?????????????????????????????????????????????????? | | | +----------------------------------------------------+ Best States ------------- Heat Dissipation 45 Energy Generation 14 Energy Capacity 280 Matter Stores 300 Matter Capacity 300 Sight Range 20 Robot Scan Range 15 Terrain Scan Range 14 Terrain Scan Density 10 Armor Coverage 225 Weapon Shielding 33 Evasion (%) 64 Recoil Reduction 4 Salvage Targeting 1 Offensive Hacking 30 Defensive Hacking 10 Item Schematics ----------------- Hacking Suite | -8/Materials | Scanalyzed VTOL Module | -7/Factory | Hacked Robot Schematics ------------------ None Fabricated ------------ Hacking Suite | x1 | -7/Factory VTOL Module | x2 | -7/Factory Alien Tech Used ----------------- None Achievements -------------- None Challenges ------------ None Game ------ Seed InsulationBottomlessTrap Manual? 0 Play Time 01:45:36 Cumulative 29.9 hours Start 2024.11.05 @ 23:33:23 End 2025.03.20 @ 12:23:34 Sessions 3 Manual Loads 0 Difficulty Rogue Special Mode None Game No. 38 Rogue 38 Adventurer 0 Explorer 0 Win Type - Total 1 Types 1/0/0/0/0/0/0/0/0 Lore% 5 Gallery% 28 Achievement% 27 Wizard Run 0 Options --------- Layout 1 ASCII 0 Keyboard 0 Movement Mouse Keybinds 0 Fullscreen 1 Font 24/Terminus Map View 50x35 Zoom Use 0% Tactical HUD 1 Map Filters NONE Filters NONE Steam 1 RUN: a7836489-39c8-4d3c-8bf9-cb86664ba6a2